 Dungeon Crawl Stone Soup version 0.31-a0-640-g39d97e502b (webtiles) character file.

Game seed: 9231734509937182569

30 qw the Shooter (level 3, 0/22 HPs)
             Began as a Gargoyle Hunter on Aug 27, 2023.
             Slain by a jackal (3 damage)
             ... on level 2 of the Dungeon.
             The game lasted 00:00:20 (876 turns).

qw the Shooter (Gargoyle Hunter)                     Turns: 876, Time: 00:00:21

Health: 0/22       AC:  6    Str: 14    XL:     3   Next: 20%
Magic:  3/3        EV:  8    Int:  9    God:
Gold:   59         SH:  0    Dex: 15    Spells: 2/2 levels left

rFire   . . .        Y - +0 shortbow
rCold   . . .        (shield currently unavailable)
rNeg    + . .        c - +0 leather armour
rPois   inf          (no helmet)
rElec   +            (no cloak)
rCorr   .            (no gloves)
SInv    .            (no boots)
Will    .....        (no amulet)
Stlth   ++           (no ring)
HPRegen 0.23/turn    (no ring)
MPRegen 0.08/turn

%: no passive effects
@: constricted
A: sickness immunity, AC +3, negative energy resistance 1, electricity
resistance, torment resistance 1, petrification resistance
a: no special abilities


You were on level 2 of the Dungeon.
You visited 1 branch of the dungeon, and saw 2 of its levels.

You collected 59 gold pieces.


Innate Abilities, Weirdness & Mutations

You are immune to sickness and miasma.
Your stone body is resilient. (AC +3)
You are immune to poison.
You resist negative energy. (rN+)
You are resistant to electric shocks. (rElec)
You are resistant to unholy torment.
You are immune to petrification.


   Skills:
 + Level 2.3 Fighting
 - Level 5.0 Ranged Weapons
 - Level 1.5 Dodging
 - Level 1.1 Stealth


You had 2 spell levels left.
You didn't know any spells.
Your spell library was empty.

Inventory:

Hand Weapons
 Y - a +0 shortbow (weapon)
Armour
 c - a +0 leather armour (worn)
Jewellery
 b - an amulet of magic regeneration
Scrolls
 a - a scroll of fog {unknown}
 d - a scroll of poison {unknown}
Potions
 e - a potion of curing {unknown}
 f - a potion of heal wounds {unknown}
 i - a potion of attraction {unknown}

Dungeon Overview and Level Annotations

Branches:
Dungeon (2/15)

Altars:

Shops:
D:1 *


Message History

The worm is severely wounded.
The jackal bites you. The jackal barely misses you.
The jackal completely misses you. The worm barely misses you.
You shoot an arrow. The arrow hits the worm.
The worm is almost dead.
The jackal bites you. x2; The jackal barely misses you.
The jackal misses you.
The jackal bites you but does no damage. x2
The jackal bites you. The worm bites you but does no damage.
The jackal misses you.
You shoot an arrow. The arrow barely misses the worm.
The jackal barely misses you. The jackal closely misses you.
The jackal barely misses you. x3
You shoot an arrow.
The arrow hits the worm but does no damage.
The worm is almost dead.
The jackal misses you.
The jackal bites you but does no damage.
A ball python comes into view.
The jackal bites you but does no damage.
The jackal bites you. The worm closely misses you.
The jackal bites you but does no damage. x3
You shoot an arrow. The arrow completely misses the worm.
The ball python hisses angrily.
The jackal completely misses you. The jackal bites you.
The jackal bites you but does no damage.
The jackal misses you. x2; The jackal closely misses you.
The worm bites you. The jackal closely misses you.
You shoot an arrow. The arrow hits the worm!
You kill the worm!
The jackal completely misses you. The jackal misses you.
The jackal barely misses you.
The jackal bites you but does no damage. x2
The jackal barely misses you.
You shoot an arrow. The arrow closely misses the jackal.
The jackal bites you but does no damage. x2
The jackal closely misses you.
The jackal bites you but does no damage.
The ball python closely misses you. The ball python grabs you.
The ball python constricts you. The jackal bites you.
You die...

########.....
########......'.....
#...........###.....
#...........+<#.....
#...........#.......
#.........#.#.#.####
#####...%.....#.#.#.#
#.............#.....#
#.....h@h.....###.#..
#.....Shh.........#.#
#.......###########..
#.......# ##
#######>. ##. . ..


You could see 4 jackals and a ball python.

Vanquished Creatures
  A worm (D:2)
  A dart slug (D:1)
  3 bats (D:1)
  2 giant cockroaches
  3 goblins (D:1)
  2 hobgoblins (D:1)
  3 kobolds (D:1)
  2 quokkas (D:1)
  4 ball pythons (D:1)
  3 frilled lizards
  A rat (D:1)
25 creatures vanquished.

Notes
Turn   | Place    | Note
-------+----------+-------------------------------------------
     0 | D:1      | qw the Gargoyle Hunter began the quest for the Orb.
     0 | D:1      | Reached XP level 1. HP: 12/12 MP: 1/1
     0 | D:1      | 0 ||| qw: Version: 0.3-a-74-g0d5e918
     0 | D:1      | 0 ||| qw: Game counter: 24
     0 | D:1      | 0 ||| qw: Melee chars always use a shield: true
     0 | D:1      | 0 ||| qw: God list: Okawaru
     0 | D:1      | 0 ||| qw: Allow faded altars: false
     0 | D:1      | 0 ||| qw: Do Orc after clearing Dungeon:15 true
     0 | D:1      | 0 ||| qw: Do second Lair branch before Depths: true
     0 | D:1      | 0 ||| qw: Lair rune preference: random
     0 | D:1      | 0 ||| qw: Goals: Normal
     0 | D:1      | 0 ||| PLANNING D:1-11
    58 | D:1      | Found a faded altar of an unknown god.
    91 | D:1      | Reached XP level 2. HP: 16/17 MP: 2/2
   187 | D:1      | Found Lezurgh's Assorted Antiques.
   191 | D:1      | 191 ||| SHOPLISTING 2 metallic coppery potions (36 gold,
                  | have 10).
   191 | D:1      | 191 ||| SHOPLISTING scroll labelled AFYCSE JESO (20 gold,
                  | have 10).
   191 | D:1      | 191 ||| SHOPLISTING scroll labelled LUGIOKL BADGHYAV (20
                  | gold, have 10).
   191 | D:1      | 191 ||| SHOPLISTING silvery potion (18 gold, have 10).
   712 | D:1      | Reached XP level 3. HP: 18/21 MP: 3/3
   821 | D:1      | 821 ||| READING scroll labelled PUXZUI MIOKHLAA.
   822 | D:1      | 822 ||| READING scroll labelled PAULYA NUOMIMEE.
   823 | D:1      | 823 ||| READING scroll labelled JUOFON BUREAC.
   824 | D:1      | 824 ||| DROPPING scroll of butterflies.
   854 | D:2      | Reached skill level 5 in Ranged Weapons
   874 | D:2      | HP: 5/21 [jackal (1)]
   874 | D:2      | HP: 2/21 [worm (3)]
   876 | D:2      | Slain by a jackal

Levels and vault maps discovered:
D:1:      wander_arrival_peaceful_grave, layout_basic, serial_shops, shop,
          dreamdust_ecumenical_altar_grove, grunt_decor_arrowhead,
          chequers_mini_garden, amethyst_killhole, minmay_tiny_reverse_x
D:2:      layout_basic, minmay_stone_trees_medium

Skill      XL: |  1  2  3 |
---------------+----------+-----
Ranged Weapons | 5 |  5.0
Fighting       | |  2.3
Dodging        | |  1.5
Stealth        | |  1.1

Action                     || total
---------------------------++-------
   Fire: Shortbow          ||    74
    Use: Scroll            ||     3
 Armour: Leather armour    ||    36
  Dodge: Dodged            ||    42

Table legend:
 A = Non-vault XP
 B = Vault XP
 C = Vault XP percentage of total XP
 D = Non-vault monster count
 E = Vault monster count
 F = Vault count percentage of total count
                 A         B        C        D         E       F
            +---------+---------+-------+---------+---------+-------
      Total |      41 |       3 |   6.8 |      23 |       2 |   8.0
            +---------+---------+-------+---------+---------+-------
        D:1 |      33 |       3 |   8.3 |      20 |       2 |   9.1
        D:2 |       8 |       0 |   0.0 |       3 |       0 |   0.0
            +---------+---------+-------+---------+---------+-------
